 Dungeon Crawl Stone Soup version 0.32-a0-520-g344ed53f66 (console) character file.

Game seed: 11383417022430720349

242 zenocrate the Shooter (level 5, -19/45 HPs)
             Began as a Minotaur Hunter on Feb 27, 2024.
             Demolished by an ogre
             ... wielding a +0 giant club
              (25 damage)
             ... on level 4 of the Dungeon.
             The game lasted 00:06:42 (3016 turns).

zenocrate the Shooter (Minotaur Hunter)             Turns: 3016, Time: 00:06:43

Health: -19/45     AC:  5    Str: 16    XL:     5   Next: 81%
Magic:  0/13       EV: 11    Int:  6    God:
Gold:   219        SH:  0    Dex: 15    Spells: 4/4 levels left

rFire   . . .        a - +0 shortbow
rCold   + . .        (shield currently unavailable)
rNeg    . . .        l - +0 ring mail {rC+}
rPois   .            (helmet restricted)
rElec   .            (no cloak)
rCorr   .            (no gloves)
SInv    .            (no boots)
Will    .....        i - amulet of guardian spirit
Stlth   +            b - ring of magical power
HPRegen 0.27/turn    (no ring)
MPRegen 0.13/turn

%: guardian spirit
@: about to teleport, hasted, very quick
A: horns 2, retaliatory headbutt
a: no special abilities


You were on level 4 of the Dungeon.
You visited 1 branch of the dungeon, and saw 4 of its levels.

You collected 219 gold pieces.

Inventory:

Hand Weapons
 a - a +0 shortbow (weapon)
Armour
 l - a +0 ring mail of cold resistance (worn)
Jewellery
 b - a ring of magical power (left hand)
 c - an amulet of reflection
 i - an amulet of guardian spirit (around neck)
 k - a ring of fire
Scrolls
 e - 3 scrolls of teleportation
 f - a scroll of identify
 g - a scroll of silence
 h - 4 scrolls of revelation
 m - a scroll of enchant armour
Potions
 d - a potion of brilliance


   Skills:
 - Level 3.0 Fighting
 + Level 7.4 Ranged Weapons
 + Level 2.9 Dodging
 - Level 0.7 Stealth


You had 4 spell levels left.
You didn't know any spells.
Your spell library contained the following spells:

 Spells                   Type           Power      Damage    Failure   Level
 Freeze                   Ice            0%         1d3       67%         1
 Slow                     Hex            0%         N/A       67%         1
 Confusing Touch          Hex            0%         N/A       96%         3
 Frozen Ramparts          Ice            0%         1d1       96%         3
 Hailstorm                Conj/Ice       0%         3d5       96%         3
 Sigil of Binding         Hex            0%         N/A       96%         3
 Vampiric Draining        Necr           0%         2d6       96%         3
 Volatile Blastmotes      Fire/Tloc      0%         2d10      96%         3
 Fulminant Prism          Conj/Alch      0%         3d5       100%        4
 Iskenderun's Mystic Bla  Conj/Tloc      0%         2d3       100%        4
 Conjure Ball Lightning   Conj/Air       0%         3x3d6     100%        6
 Discord                  Hex            0%         N/A       100%        8
 Disjunction              Tloc           0%         N/A       100%        8


Dungeon Overview and Level Annotations

Branches:
Dungeon (4/15)
 Temple: D:4-7

Altars:
Elyvilon
Nemelex Xobeh
Qazlal
Sif Muna
Zin

Annotations:
D:3 2 transporters


Innate Abilities, Weirdness & Mutations

You have a pair of horns on your head.
You reflexively headbutt those who attack you in melee.


Message History

Okay, then.
You shoot an arrow. The arrow hits the ball python!
You kill the ball python!
No target in view!
An ogre comes into view. It is wielding a +0 giant club.
The ogre shouts!
A goblin comes into view. It is wielding a +0 dagger.
You shoot an arrow. The goblin shouts!
The arrow hits the ogre but does no damage.
You shoot an arrow. The arrow hits the goblin.
The goblin is heavily wounded.
A goblin is nearby!
You shoot an arrow. The arrow barely misses the goblin.
You shoot an arrow. The arrow closely misses the goblin.
You shoot an arrow. The arrow closely misses the goblin.
You shoot an arrow. The arrow hits the goblin.
You kill the goblin!
You shoot an arrow. The arrow barely misses the ogre.
You shoot an arrow.
The arrow hits the ogre but does no damage.
The ogre hits you with a +0 giant club!
You shoot an arrow. The arrow hits the ogre!
The ogre is moderately wounded.
The ogre hits you with a +0 giant club!!!
Ouch! That really hurt!
* * * LOW HITPOINT WARNING * * *
Unknown command.
Okay, then.
Okay, then.
You aren't carrying any items that you can evoke.
Unknown command.
As you read the scroll of teleportation, it crumbles to dust.
You feel strangely unstable.
Unknown command.
Okay, then.
You feel yourself speed up.
The ogre hits you with a +0 giant club!!
Ouch! That really hurt!
You die...

.## ##.####..## .......... .#
##.## #....# ......> .## #..#
##.###.#.... #... ..####..###..#
#.... ##.. .............# #...
###..# ..#####...#..# #..##
#..)## ..## #..###.####..# ####†#
...# ##.###..##..# # #.# ...##
##..##..##..# ..# #.#
.#..###...........##..... #<.
.#..##......###.@O...............
.##.....)^.## #...)........#####.
.###........# ##........# # .
#..........# #........#
.......##...........##..#
#####..# #..........# .. #..#
..#.......# . #..# #......#...
#### ..


You could see an ogre.

Vanquished Creatures
  2 hounds (D:4)
  An orc priest (D:3)
  3 gnolls (D:2)
  4 adders
  A ribbon worm (D:3)
  3 orcs (D:3)
  6 ball pythons
  7 bats
  7 endoplasms
  4 giant cockroaches
  4 goblins
  10 hobgoblins
  5 jackals
  5 quokkas
  2 frilled lizards
  9 kobolds
  5 rats
78 creatures vanquished.

Notes
Turn   | Place    | Note
-------+----------+-------------------------------------------
     0 | D:1      | zenocrate the Minotaur Hunter began the quest for the Orb.
     0 | D:1      | Reached XP level 1. HP: 18/18 MP: 0/0
   176 | D:1      | Reached XP level 2. HP: 25/25 MP: 1/1
   288 | D:1      | Reached skill level 5 in Ranged Weapons
   819 | D:2      | Reached XP level 3. HP: 29/30 MP: 2/2
  1036 | D:2      | Reached skill level 6 in Ranged Weapons
  1045 | D:2      | Reached XP level 4. HP: 29/37 MP: 3/3
  1454 | D:3      | Found a transporter.
  1454 | D:3      | Found a white marble altar of Elyvilon.
  1472 | D:3      | Noticed Grinder
  1473 | D:3      | Found a sparkling altar of Nemelex Xobeh.
  1883 | D:3      | Found a shimmering blue altar of Sif Muna.
  1904 | D:3      | Reached skill level 7 in Ranged Weapons
  1904 | D:3      | Reached XP level 5. HP: 9/45 MP: 1/4
  2278 | D:3      | Found a stormy altar of Qazlal.
  2304 | D:3      | Found a transporter.
  2807 | D:4      | Found a glowing silver altar of Zin.
  3004 | D:4      | Noticed an ogre
  3016 | D:4      | Demolished by an ogre

Illustrated notes

Levels and vault maps discovered:
D:1:      matt_arrival_spirals, layout_rooms, patterned_corridor
D:2:      layout_rooms
D:3:      layout_loops_ring, mainiacjoe_overflow_boulevard, elyvilon_altar_4,
          mainiacjoe_overflow_alcove_4, nemelex_spade_bored_becter,
          hangedman_glass_teeth, amethyst_killhole,
          minmay_fractal_squares_diagonal_5, uniq_grinder
D:4:      layout_layer_cave, zin_academy, chequers_serial_rivers_micro_b,
          kennysheep_flooded_box

Skill      XL: |  1  2  3  4 |
---------------+-------------+-----
Ranged Weapons | 5 6 7 |  7.4
Fighting       | 3 |  3.0
Dodging        | |  2.9
Stealth        | |  0.7

Action                     |  1- 3 |  4- 6 || total
---------------------------+-------+-------++-------
  Melee: Unarmed           |       |     7 ||     7
   Fire: Shortbow          |   108 |   131 ||   239
    Use: Potion            |     3 |     2 ||     5
         Scroll            |     1 |     7 ||     8
 Armour: Leather armour    |    48 |       ||    48
         Ring mail         |       |    27 ||    27
         Skin              |       |     4 ||     4
  Dodge: Dodged            |    25 |    32 ||    57

Table legend: (Time is in decaauts)
 A = Elapsed time spent in this place.
 B = Non-inter-level travel time spent in this place.
 C = Inter-level travel time spent in this place.
 D = Time resting spent in this place.
 E = Time spent auto-exploring this place.
 F = Levels seen in this place.
 G = Mean time per level.
                   A        B        C        D        E       F      G
               +--------+--------+--------+--------+--------+-----+--------+
         Total |   3055 |   2938 |    117 |      0 |   2414 |   4 |  763.8 |
       Dungeon |   3055 |   2938 |    117 |      0 |   2414 |   4 |  763.8 |
               +--------+--------+--------+--------+--------+-----+--------+

Top non-repeatable levels by time:
     D:3: 976 daAuts
     D:1: 882 daAuts
     D:4: 609 daAuts
     D:2: 587 daAuts
